Map: Deathaura LE

Players

PartinG - Winner!

  • Race: Protoss Protoss
  • Spawn Location: 5:00

Cure

  • Race: Terran Terran
  • Spawn Location: 11:00

Event: IEM Katowice 2021

VOD

Have the link to the VOD?

Description

Time

  • Played on: Feb. 25, 2021, 12:56 p.m.
  • Length: 28:09

All games in this series

Show
View Real Time Build Order
Export as new Build Order

PartinG Protoss - Winner!

Build Orders: 1 Gate Expand, Oracle Opening, Phoenix Opening 

Get SALT Encoding   

  12  0:01  Probe  
  13  0:13  Probe  
  14  0:18  Pylon  
  14  0:25  Probe  
  15  0:37  Gateway, Probe (Chrono Boost)  
  16  0:47  Assimilator, Probe (Chrono Boost)  
  17  0:52  Probe (Chrono Boost)  
  18  1:04  Probe  
  19  1:16  Probe  
  20  1:23  Cybernetics Core  
  20  1:34  Nexus  
  20  1:36  Probe  
  21  1:42  Assimilator  
  21  1:47  Pylon  
  21  1:49  Probe  
  22  2:01  Probe  
  22  2:02  Adept (Chrono Boost)  
  25  2:08  Pylon  
  25  2:14  Probe  
  26  2:22  Adept (Chrono Boost)  
  26  2:26  Probe  
  26  2:29  Stargate  
  29  2:35  Warp Gate  
  29  2:40  Probe (Chrono Boost)  
  30  2:46  Probe (Chrono Boost)  
  30  2:48  Adept  
  34  2:55  Probe x2 (Chrono Boost)  
  35  3:00  Probe (Chrono Boost)  
  35  3:03  Probe  
  37  3:09  Oracle (Chrono Boost)  
  37  3:12  Probe  
  41  3:15  Probe  
  41  3:19  Gateway  
  42  3:22  Shield Battery  
  42  3:25  Shield Battery  
  42  3:27  Probe  
  42  3:28  Probe  
  44  3:36  Assimilator  
  44  3:39  Phoenix  
  44  3:40  Probe  
  47  3:42  Probe  
  48  3:51  Robotics Facility  
  48  3:54  Probe x2  
  50  3:56  Assimilator  
  50  4:05  Phoenix (Chrono Boost)  
  50  4:06  Probe x2  
  54  4:13  Pylon  
  54  4:14  Pylon  
  54  4:22  Shield Battery  
  54  4:30  Phoenix  
  54  4:31  Pylon, Probe x2  
  58  4:38  Stalker x2  
  62  4:40  Observer  
  63  4:46  Probe x2  
  64  5:03  Robotics Bay  
  64  5:05  Phoenix  
  66  5:13  Probe  
  66  5:14  Probe, Nexus  
  68  5:16  Observer  
  69  5:25  Pylon  
  69  5:31  Phoenix (Chrono Boost)  
  69  5:32  Probe x2  
  73  5:39  Forge, Twilight Council  
  73  5:43  Pylon  
  73  5:44  Probe x2  
  74  6:01  Stalker x2  
  77  6:06  Probe x2  
  77  6:10  Colossus (Chrono Boost)  
  79  6:17  Pylon  
  79  6:18  Probe, Charge (Chrono Boost)  
  86  6:20  Protoss Ground Weapons Level 1 (Chrono Boost)  
  86  6:31  Probe  
  86  6:32  Probe  
  88  6:36  Shield Battery  
  88  6:37  Photon Cannon  
  88  6:42  Photon Cannon  
  88  6:44  Probe x2  
  90  6:48  Stalker  
  90  6:55  Colossus (Chrono Boost)  
  90  6:56  Probe  
  97  7:02  Extended Thermal Lance (Chrono Boost)  
  97  7:06  Probe x2  
  97  7:08  Probe  
  100  7:21  Probe  
  101  7:24  Gateway x2  
  101  7:25  Gateway  
  101  7:29  Gateway  
  101  7:32  Pylon, Probe  
  101  7:33  Probe  
  101  7:34  Probe  
  104  7:38  Blink (Chrono Boost)  
  104  7:44  Sentry  
  104  7:47  Pylon, Sentry, Nexus  
  108  7:52  Assimilator  
  108  7:53  Assimilator  
  108  7:55  Probe x3  
  111  8:02  Gateway  
  111  8:03  Gateway  
  111  8:11  Protoss Ground Armor Level 1 (Chrono Boost)  
  109  8:21  Gateway  
  109  8:23  Probe  
  109  8:24  Probe x2, Gateway  
  109  8:26  Warp Prism (Chrono Boost)  
  112  8:27  Photon Cannon, Gateway  
  114  8:34  Gateway  
  114  8:35  Templar Archives  
  114  8:44  Photon Cannon  
  114  8:45  Shield Battery, Probe x3  
  117  8:52  Pylon, Forge  
  116  9:00  Probe  
  116  9:01  Probe x3  
  120  9:09  Observer  
  121  9:12  Pylon, Gravitic Boosters  
  121  9:15  Zealot x7  
  135  9:18  Zealot  
  137  9:26  Protoss Ground Weapons Level 2 (Chrono Boost)  
  137  9:28  High Templar x2  
  137  9:29  Zealot  
  137  9:30  Zealot  
  145  9:32  Archon  
  145  9:38  Probe x3  
  147  9:39  Nexus  
  147  9:42  High Templar x4  
  147  9:45  Stalker x2  
  158  9:46  Archon x2  
  158  9:52  Zealot x2  
  162  9:56  Pylon x3  
  164  10:04  Disruptor  
  164  10:07  Robotics Facility  
  164  10:11  Protoss Ground Armor Level 2 (Chrono Boost), Dark Shrine  
  167  10:28  Pylon  
  167  10:30  Gateway  
  167  10:32  Photon Cannon, Gateway  
  167  10:34  Photon Cannon, Probe  
  167  10:35  Probe x2, Photon Cannon  
  169  10:36  Pylon  
  169  10:37  Probe, Photon Cannon  
  169  10:39  Shield Battery  
  169  10:40  Shield Battery  
  171  10:42  Pylon  
  171  10:44  Stalker x4  
  171  10:45  Disruptor (Chrono Boost)  
  179  10:56  Gravitic Drive, Disruptor (Chrono Boost)  
  185  11:01  Zealot x5  
  195  11:17  Shadow Stride (Chrono Boost)  
  195  11:18  Disruptor (Chrono Boost)  
  195  11:20  Gateway x2  
  195  11:22  Gateway  
  195  11:24  Gateway  
  198  11:45  Dark Templar  
  199  11:47  Nexus  
  199  11:48  Pylon  
  199  11:52  Photon Cannon  
  199  11:53  Assimilator  
  199  11:55  Assimilator  
  199  11:56  Photon Cannon  
  199  11:57  Photon Cannon  
  199  11:58  Protoss Ground Weapons Level 3 (Chrono Boost)  
  197  12:02  Dark Templar  
  195  12:22  Dark Templar x2  
  199  12:32  Photon Cannon  
  199  12:33  Photon Cannon  
  199  12:35  Photon Cannon  
  191  12:37  Shield Battery  
  191  12:39  Shield Battery  
  191  12:41  Observer x2  
  191  12:42  Shield Battery  
  187  12:44  Pylon  
  187  12:45  Protoss Ground Armor Level 3 (Chrono Boost)  
  187  12:47  Stargate  
  187  12:49  Stargate  
  187  12:51  Fleet Beacon  
  187  12:55  Pylon  
  187  12:59  Photon Cannon  
  187  13:06  Protoss Air Weapons Level 1  
  187  13:11  Photon Cannon  
  187  13:13  Photon Cannon  
  187  13:15  Shield Battery  
  187  13:22  Gateway  
  187  13:25  Pylon  
  187  13:27  Gateway x2  
  187  13:31  Probe  
  187  13:32  Probe x3  
  191  13:43  Disruptor x2 (Chrono Boost)  
  193  14:24  Photon Cannon x2  
  193  14:25  Shield Battery  
  193  14:28  Nexus  
  193  14:29  Dark Templar x4  
  193  14:30  Pylon  
  199  14:44  Observer  
  187  14:56  Zealot x6  
  199  15:00  Pylon  
  196  15:08  Nexus  
  196  15:09  Pylon  
  186  15:20  Stalker x10  
  186  15:21  Stalker x2  
  190  15:35  Stalker x5  
  192  15:38  Photon Cannon  
  192  15:39  Photon Cannon  
  192  15:42  Photon Cannon  
  200  15:44  Photon Cannon  
  200  15:46  Shield Battery  
  200  15:48  Shield Battery  
  196  15:51  Shield Battery  
  196  15:54  Pylon  
  179  15:57  Zealot x2, Shield Battery  
  179  15:58  Zealot x8  
  179  15:59  Shield Battery x2  
  199  16:06  Unknown  
  178  16:21  Observer  
  170  16:26  Zealot x2  
  170  16:27  Zealot x16  
  170  16:31  Protoss Shields Level 1 (Chrono Boost)  
  200  16:33  Gateway  
  200  16:34  Gateway  
  200  16:37  Gateway  
  200  16:40  Gateway  
  200  16:42  Gateway  
  200  16:45  Gateway  
  191  16:59  Dark Templar x4  
  185  17:11  Unknown  
  185  17:13  Dark Templar x7  
  185  17:14  Dark Templar x2  
  194  17:27  Phoenix (Chrono Boost)  
  194  17:32  Stalker x3  
  194  18:01  Zealot x4  
  196  18:21  Dark Templar x2  
  188  18:39  Stalker x10  
  188  18:40  Stalker x6  
  188  18:41  Zealot x3  
  150  19:06  Zealot x9  
  150  19:07  Zealot x11  
  150  19:08  Zealot x5  
  151  19:22  Stalker  
  149  19:29  Stalker x5  
  149  19:30  Stalker x11  
  149  19:31  Stalker x3  
  171  19:32  Zealot x2  
  171  19:34  Dark Templar  
  171  19:35  Dark Templar x4  
  125  19:55  Zealot x7  
  125  19:56  Zealot x10  
  125  19:57  Zealot x5  
  161  20:08  Dark Templar x5  
  151  20:14  Nexus  
  121  20:22  Stalker x6  
  121  20:23  Stalker x8  
  127  20:38  Stalker x8  
  135  20:44  Archon  
  135  20:47  Zealot x6  
  141  21:00  Dark Templar x5  
  141  21:01  Dark Templar  
  135  21:16  Zealot x2  
  135  21:17  Zealot x9  
  137  21:30  Dark Templar x4  
  137  21:31  Dark Templar x2  
  149  21:34  Zealot x2  
  153  21:41  Zealot x4  
  159  21:58  Zealot x8  
  159  21:59  Zealot x4  
  173  22:09  Zealot x6  
  137  22:29  Stalker x8  
  133  22:30  Zealot x3  
  121  22:37  Dark Templar x4  
  129  22:44  Zealot x4  
  137  22:51  Disruptor x2 (Chrono Boost)  
  135  23:03  Zealot x9  
  153  23:13  Pylon  
  153  23:20  Disruptor  
  154  23:31  Dark Templar x2  
  154  23:32  Zealot x10  
  154  23:33  Zealot x3  
  182  23:36  Zealot x2  
  182  23:37  Zealot x3  
  184  23:44  Dark Templar  
  182  23:51  Zealot x3  
  182  23:52  Zealot  
  166  23:58  Observer  
  164  24:07  Stalker x3  
  164  24:08  Zealot x5  
  156  24:10  Zealot x6  
  164  24:20  Assimilator  
  164  24:23  Assimilator  
  163  24:25  Dark Templar  
  163  24:27  Zealot x6  
  163  24:28  Zealot  
  146  24:48  Zealot x2  
  146  24:49  Zealot x6  
  132  25:05  Zealot x6  
  132  25:06  Observer  
  140  25:18  Dark Templar x2  
  140  25:19  Dark Templar  
  146  25:25  Stalker  
  145  25:37  Zealot x2  
  145  25:38  Zealot x4  
  155  25:50  Observer  
  155  25:52  Zealot x4  
  155  25:53  Disruptor (Chrono Boost)  
  158  25:58  Disruptor (Chrono Boost)  
  161  26:07  Assimilator x2  
  161  26:12  Stalker x2  
  164  26:30  Nexus  
  164  26:33  Pylon  
  164  26:37  Dark Templar  
  166  26:40  Disruptor (Chrono Boost)  
  169  27:01  Stalker x2, Sentry x2  
  177  27:10  Dark Templar  
  153  27:26  Dark Templar  
  153  27:27  Dark Templar x2  
  132  27:36  Dark Templar  
  133  27:56  Dark Templar x2  
  133  27:57  Zealot x3  
  143  28:03  Unknown  
Show
View Real Time Build Order
Export as new Build Order

Cure Terran 

Build Orders:  

Get SALT Encoding   

  12  0:00  SCV  
  13  0:12  SCV  
  14  0:17  Supply Depot  
  14  0:24  SCV  
  15  0:38  SCV  
  15  0:40  Barracks  
  15  0:42  Refinery  
  16  0:50  SCV  
  17  1:02  SCV  
  18  1:15  SCV  
  19  1:26  Marine  
  19  1:27  Orbital Command  
  20  1:43  Command Center  
  20  1:51  Factory  
  20  1:55  SCV  
  21  2:02  Bunker  
  21  2:05  Barracks Reactor  
  22  2:08  SCV  
  22  2:15  Supply Depot  
  22  2:20  SCV  
  23  2:26  Refinery  
  23  2:36  SCV  
  26  2:37  Hellion  
  26  2:41  Marine x2  
  28  2:48  Starport  
  28  2:50  SCV  
  29  2:58  Orbital Command  
  29  3:03  SCV  
  30  3:09  Widow Mine  
  30  3:10  Marine  
  33  3:14  Widow Mine  
  33  3:17  SCV  
  36  3:23  Supply Depot  
  36  3:27  Medivac  
  36  3:30  Marine  
  39  3:36  SCV x2  
  39  3:37  Widow Mine  
  45  3:41  Widow Mine  
  45  3:46  Supply Depot  
  45  3:49  SCV x2  
  47  3:58  Refinery  
  47  4:01  Medivac, SCV x2  
  47  4:02  Widow Mine  
  48  4:15  Armory  
  48  4:16  SCV x2  
  49  4:23  Widow Mine  
  51  4:28  SCV x2  
  53  4:35  Widow Mine  
  53  4:36  Supply Depot  
  55  4:40  SCV x2  
  55  4:44  Barracks Tech Lab  
  55  4:45  Widow Mine  
  59  4:52  SCV x2  
  61  4:58  Widow Mine  
  61  4:59  Medivac  
  63  5:04  SCV x2  
  63  5:06  Widow Mine  
  65  5:11  Marine  
  64  5:16  SCV x2  
  64  5:18  Command Center  
  66  5:23  Widow Mine  
  67  5:28  SCV x2  
  67  5:29  Widow Mine  
  67  5:35  Supply Depot  
  70  5:36  Marine  
  70  5:40  SCV x2  
  70  5:42  Medivac  
  75  5:52  SCV  
  75  5:56  SCV, Marine  
  80  5:57  Stimpack  
  80  6:03  Supply Depot  
  76  6:04  SCV  
  76  6:05  Barracks x2  
  76  6:07  Factory Tech Lab  
  76  6:08  SCV  
  74  6:12  Starport Reactor  
  74  6:14  Marine  
  74  6:17  SCV, Engineering Bay x2  
  76  6:20  SCV, Refinery  
  73  6:26  Siege Tank  
  73  6:29  SCV  
  73  6:30  Orbital Command  
  73  6:31  Marine  
  76  6:32  SCV  
  77  6:41  SCV  
  77  6:43  Terran Infantry Weapons Level 1  
  77  6:44  Missile Turret  
  77  6:45  SCV  
  77  6:50  Missile Turret  
  77  6:54  Marine  
  78  6:56  Barracks Tech Lab  
  78  6:59  Barracks  
  74  7:02  Siege Tank  
  74  7:03  Missile Turret  
  74  7:04  Marine x2  
  74  7:05  Orbital Command, Missile Turret  
  74  7:06  Barracks  
  77  7:11  SCV x2  
  77  7:12  Marine  
  80  7:18  Marine  
  80  7:20  Combat Shield  
  80  7:22  Marine  
  81  7:28  Medivac  
  81  7:29  SCV x2, Missile Turret  
  86  7:30  SCV  
  86  7:34  Siege Tank, Missile Turret  
  90  7:38  Marauder x2  
  90  7:41  SCV x2  
  90  7:42  Supply Depot, Marine  
  97  7:46  Marine  
  97  7:47  Barracks Tech Lab  
  97  7:50  SCV  
  99  7:53  SCV x2, Supply Depot  
  99  7:54  Barracks Reactor  
  99  7:58  Terran Infantry Armor Level 1  
  101  8:05  Supply Depot  
  101  8:06  SCV x3, Siege Tank  
  101  8:10  Marine x3  
  101  8:11  Marauder x2  
  109  8:18  SCV x3  
  111  8:20  Viking  
  111  8:22  Refinery x2  
  111  8:26  Viking  
  115  8:30  SCV x3  
  115  8:31  Supply Depot  
  118  8:38  Marauder x2  
  118  8:40  Supply Depot  
  122  8:42  SCV x3  
  125  8:55  Command Center  
  125  8:56  SCV x3  
  128  9:03  Supply Depot  
  128  9:07  Medivac x2  
  128  9:08  Marauder x3, Marine x4, Terran Infantry Weapons Level 2  
  142  9:12  SCV  
  142  9:13  SCV x2  
  142  9:15  Terran Vehicle Weapons Level 1  
  142  9:17  Supply Depot x2  
  148  9:26  Supply Depot  
  148  9:27  Siege Tank  
  148  9:33  Ghost Academy  
  148  9:34  Marauder x2, Marine x4  
  148  9:35  Missile Turret x2  
  156  9:39  Medivac, Marauder  
  156  9:40  Medivac  
  162  9:50  Supply Depot  
  162  9:54  Terran Infantry Armor Level 2  
  162  10:05  Ghost  
  162  10:06  Ghost  
  162  10:07  Barracks  
  166  10:08  Barracks  
  166  10:09  Barracks, Marine x4  
  166  10:13  Bunker  
  166  10:14  Ghost  
  172  10:23  Enhanced Shockwaves  
  172  10:29  Missile Turret  
  172  10:31  Marine x4  
  172  10:34  Ghost  
  178  10:40  Ghost  
  180  10:46  Siege Tank  
  180  10:49  Command Center  
  183  10:51  Marine x4  
  187  10:58  Barracks Reactor, Barracks Tech Lab x2  
  187  11:00  Medivac  
  187  11:01  Orbital Command  
  189  11:06  Ghost  
  191  11:13  Sensor Tower  
  191  11:14  Marauder, Marine x3  
  196  11:22  Siege Tank  
  196  11:24  Marine  
  196  12:06  Terran Infantry Weapons Level 3  
  196  12:07  Terran Ship Weapons Level 1, Starport  
  195  12:08  Starport  
  195  12:09  Fusion Core  
  195  12:11  Missile Turret  
  195  12:13  Refinery  
  195  12:14  Refinery  
  194  12:19  Concussive Shells  
  189  12:24  Planetary Fortress  
  189  12:26  Viking  
  191  12:31  Missile Turret  
  191  12:33  Command Center  
  191  12:34  Viking  
  191  12:36  Command Center  
  193  12:40  Ghost  
  195  12:45  Starport Reactor  
  195  12:46  Starport Reactor, Missile Turret  
  195  12:56  Viking  
  197  13:02  Terran Infantry Armor Level 3  
  197  13:04  Viking  
  199  13:12  Command Center  
  199  13:16  Command Center  
  199  13:22  Personal Cloaking  
  199  13:27  Advanced Ballistics  
  199  13:39  Starport  
  199  13:42  Missile Turret x2  
  199  13:46  Orbital Command  
  199  13:48  Planetary Fortress  
  199  14:14  Viking  
  199  14:16  Terran Ship Weapons Level 2  
  199  14:17  Starport Reactor  
  199  14:27  Command Center, Orbital Command  
  199  14:29  Command Center  
  197  14:46  Rapid Reignition System  
  197  14:48  Nuke  
  197  14:49  Liberator  
  197  14:57  Planetary Fortress  
  197  15:02  Liberator  
  197  15:05  Orbital Command  
  195  15:14  Missile Turret  
  195  15:16  Refinery  
  195  15:18  Refinery, Sensor Tower  
  195  15:20  Marine x2, Ghost x2  
  195  15:21  Marauder x3, Marine x4  
  180  15:29  Missile Turret  
  180  15:34  SCV x3, Liberator x3  
  188  15:40  Liberator, Viking x2  
  195  15:45  Marauder, Marine x3  
  197  15:58  Liberator, Orbital Command  
  187  16:27  Liberator x2, Viking x2  
  187  16:32  Command Center  
  196  16:33  SCV x4  
  200  16:44  Missile Turret  
  200  16:52  SCV  
  200  17:03  Refinery  
  200  17:07  Liberator x3  
  196  17:14  Ghost  
  197  17:17  Terran Ship Weapons Level 3  
  197  17:21  Medivac x2, Missile Turret  
  199  17:34  Marine  
  200  18:09  Liberator  
  198  18:21  Command Center  
  198  18:25  Command Center  
  198  18:32  Marine x4  
  198  18:33  Marauder x2  
  188  18:34  Marine x3  
  188  18:35  Marauder x2  
  188  18:39  Liberator x4  
  166  18:49  Medivac  
  166  18:50  Medivac x2, Marine x4  
  166  18:52  Marauder, Marine  
  166  18:54  Marauder  
  165  18:56  Liberator  
  158  19:03  Marauder, Marine x3  
  158  19:08  Marine x4  
  154  19:10  Marine  
  154  19:14  Marauder  
  154  19:16  Marauder  
  154  19:19  Liberator x2  
  154  19:20  Marine, Liberator  
  154  19:21  Marauder, Marine  
  154  19:22  Medivac x2  
  168  19:25  Marauder  
  168  19:26  Marine x4  
  168  19:27  Marine  
  169  19:31  SCV  
  169  19:32  SCV x7  
  169  19:34  Ghost  
  169  19:36  Ghost  
  173  19:38  Marine  
  173  19:39  Medivac, Marauder  
  173  19:42  Marauder  
  173  19:43  Marine  
  167  19:46  Marauder, Marine x2  
  143  19:54  Medivac, Terran Vehicle And Ship Armor Level 1  
  142  20:00  Marauder  
  142  20:01  Marine  
  142  20:03  Ghost  
  142  20:06  Marauder, Marine  
  150  20:11  Marine x3  
  150  20:12  Marauder  
  141  20:14  Ghost  
  141  20:18  Marine  
  128  20:22  Marauder  
  128  20:26  Marine x2  
  128  20:27  Marauder  
  125  20:32  Marauder  
  122  20:35  Ghost  
  122  20:36  Marine x3  
  122  20:37  Marine  
  107  20:43  Marauder x2  
  107  20:44  Marine x2  
  107  20:48  Ghost  
  113  20:54  Marauder, Marine x3  
  113  20:55  Medivac, Marine  
  117  21:01  Marine x2  
  117  21:04  Ghost x2  
  101  21:05  Marauder  
  106  21:12  Marine x3  
  106  21:13  Marine  
  97  21:18  Ghost  
  97  21:19  Marine x2, Ghost  
  97  21:23  Medivac x2  
  104  21:25  Ghost  
  104  21:28  Medivac  
  104  21:29  Marine x2  
  110  21:33  Marauder x2  
  110  21:36  Marine x2  
  116  21:41  Marine  
  115  21:47  Ghost x2  
  115  21:48  Medivac  
  115  21:54  Ghost  
  119  22:00  Medivac  
  119  22:01  Marine x4  
  119  22:02  Marauder  
  119  22:08  Medivac  
  124  22:18  Ghost  
  124  22:19  Marine x4  
  124  22:21  Marine x4  
  104  22:23  Marauder  
  104  22:26  Marauder  
  100  22:33  Orbital Command  
  100  22:37  Marauder, Marine x3  
  100  22:39  Marine x3  
  100  22:40  Marine  
  109  22:44  Marauder  
  104  23:05  Ghost  
  104  23:06  Marauder x2, Marine x4  
  104  23:08  Marine  
  104  23:11  Marine  
  116  23:22  Marine x2, Orbital Command  
  116  23:24  Marine  
  119  23:34  Marauder, Marine x3  
  119  23:40  Ghost  
  126  23:51  Orbital Command  
  118  23:59  Marauder, Marine x4  
  118  24:00  Marauder  
  123  24:06  Marine x2  
  114  24:18  Orbital Command  
  113  24:32  Missile Turret  
  86  24:58  Marauder x3, Marine x4  
  88  25:04  Marine x2  
  88  25:06  Marine  
  87  25:09  Marine  
  81  25:16  Marine  
  82  25:21  Marine x2  
  82  25:25  Marine  
  85  25:35  Ghost  
  84  26:00  Marine, Ghost x2  
  89  26:12  Orbital Command  
  89  26:15  Marauder, Marine  
  89  26:18  Marine  
  93  26:20  Orbital Command  
  93  26:35  Marauder  
  95  26:44  Marine  
  96  26:52  Marine  
  97  26:59  Orbital Command  
  65  27:28  Marine  
  59  27:37  Marine  
  59  27:43  Marine  
  61  27:47  Marine  

Tags
 
Add a new tag
Caveats
  • Supply blocks, unpowered buildings, or Contaminate may cause inaccurate times.
  • Supply counts are checked every 10 seconds.